 Dungeon Crawl Stone Soup version 0.19-a0-1254-gb9c29c0 (webtiles) character file.

16007 Kidiri the Thaumaturge (level 12, 0/80 HPs)
             Began as a High Elf Fire Elementalist on Aug 27, 2016.
             Was an Elder of Vehumet.
             Slain by a fire elemental (10 damage)
             ... in a volcano.
             The game lasted 00:47:36 (14194 turns).

Kidiri the Thaumaturge (HEFE)                      Turns: 14194, Time: 00:47:37

Health: 0/80       AC: 16    Str:  7    XL:     12   Next: 6%
Magic:  32/37      EV: 18    Int: 26    God:    Vehumet [****..]
Gold:   490        SH:  0    Dex: 25    Spells: 10 memorised, 4 levels left

rFire  . . .     SeeInvis .     x - +1 dagger (elec)
rCold  . . .     Gourm    .     c - +3 leather armour
rNeg   . . .     Faith    .     (no shield)
rPois  .         Spirit   .     i - +2 hat
rElec  .         Dismiss  .     f - +2 cloak
rCorr  .         Reflect  .     w - +2 pair of gloves
MR     +....     Harm     +     (no boots)
Stlth  +++....... Clarity  +    s - amulet of harm
                                m - ring of magical power
                                g - +4 ring of dexterity

@: no status effects
A: rugged brown scales 1, thin skeletal structure 2, clarity, clever 1, wild
magic 1, MP-powered wands
a: Renounce Religion


You were in a volcano.
You worshipped Vehumet.
Vehumet was greatly pleased with you.
You were not hungry.

You visited 3 branches of the dungeon, and saw 13 of its levels.
You also visited: Volcano.

You collected 602 gold pieces.
You spent 112 gold pieces at shops.

Inventory:

Hand Weapons
 q - a +4 dagger
 x - a +1 dagger of electrocution (weapon)
 E - a +3 short sword of venom
Armour
 c - a +3 leather armour (worn)
 f - a +2 cloak (worn)
 i - a +2 hat (worn)
 w - a +2 pair of gloves (worn)
Jewellery
 g - a +4 ring of dexterity (left hand)
 m - a ring of magical power (right hand)
 s - an amulet of harm (around neck)
 t - a +3 ring of evasion
Wands
 a - a wand of enslavement (13/24)
 l - a wand of random effects (24/48)
 v - a wand of flame (20/48)
 z - a wand of paralysis (6/24)
 K - a wand of disintegration (17/24)
Scrolls
 r - 5 scrolls of remove curse
 y - a scroll of fear
 B - a scroll of teleportation
 L - a scroll of amnesia
 N - a scroll of noise
Potions
 e - a potion of agility
 h - 3 potions of haste
 j - a potion of berserk rage
 k - 2 potions of might
 n - 7 potions of curing {unknown}
 u - a potion of flight
 A - a potion of cancellation
 C - a potion of resistance {unknown}
 D - 3 potions of brilliance {unknown}
 F - a potion of cure mutation
 G - a potion of ambrosia
Books
 b - a book of Flames

   Spells                             Type                      Level
   a - Flame Tongue                   Conjuration/Fire             1
   b - Throw Flame                    Conjuration/Fire             2
   c - Conjure Flame                  Conjuration/Fire             3
   d - Inner Flame                    Hexes/Fire                   3
   e - Sticky Flame                   Conjuration/Fire             4
   f - Fireball                       Conjuration/Fire             5
Comestibles
 d - a chunk of flesh
 o - 3 meat rations
 I - a bread ration


   Skills:
 + Level 5.9 Fighting
 + Level 7.2 Short Blades
 + Level 5.2 Armour
 + Level 7.2 Dodging
 - Level 2.1 Stealth
 * Level 11.3 Spellcasting
 + Level 7.6 Conjurations
 + Level 8.0 Fire Magic
 + Level 6.1 Evocations


You had 4 spell levels left.
You knew the following spells:

 Your Spells              Type           Power        Failure   Level  Hunger
a - Flame Tongue          Conj/Fire      #####        1%          1    None
b - Throw Flame           Conj/Fire      ######       1%          2    None
c - Conjure Flame         Conj/Fire      ######..     1%          3    None
d - Inner Flame           Hex/Fire       #####...     1%          3    None
e - Sticky Flame          Conj/Fire      ######..     1%          4    None
f - Fireball              Conj/Fire      ######....   3%          5    ###....
g - Sting                 Conj/Pois      ####         1%          1    None
h - Stone Arrow           Conj/Erth      #####.       1%          3    None
i - Ignite Poison         Fire/Tmut/Pois #####...     2%          3    None
j - Olgreb's Toxic Radia  Pois           ###.....     28%         4    None


Dungeon Overview and Level Annotations

Branches:
Dungeon (9/15)             Temple (1/1) D:4            Lair (3/6) D:8
  Swamp (0/4) Lair:3        Snake (0/4) Lair:2
    Orc: D:9-12

Altars:
Ashenzari
Cheibriados
Dithmenos
Elyvilon
Fedhas
Gozag
Hepliaklqana
Kikubaaqudgha
Makhleb
Nemelex Xobeh
Okawaru
Qazlal
Ru
Sif Muna
Trog
Uskayaw
Vehumet
Xom
Yredelemnul
Zin
The Shining One

Shops:
D:4 }[[


Innate Abilities, Weirdness & Mutations

You are partially covered in rugged brown scales. (AC +1, +3% HP)
You have a moderately thin skeletal structure. (Dex +4, Stealth+)
You possess an exceptional clarity of mind.
Your mind is acute. (Int +2)
Your spells are a little harder to cast, but a little more powerful.
You expend magic power (3 MP) to strengthen your wands.


Message History

Unknown command.
Evoke which item? (* to show all) (? for menu, Esc to quit)
Zapping:
l - a wand of random effects (will waste charges)
Press: ? - help, Shift-Dir - straight line, f - fire elemental
Aim: a fire elemental (severely damaged)
The puff of flame hits the fire elemental.
The fire elemental completely resists.
The fire elemental is severely damaged.
Evoking this partially-identified wand wasted a few charges.
The fire elemental misses you.
Evoke which item? (* to show all) (? for menu, Esc to quit)
Zapping:
l - a wand of random effects {zapped: 2} (will waste charges)
Press: ? - help, Shift-Dir - straight line, f/p - fire elemental
Aim: a fire elemental (severely damaged)
The fire elemental seems to speed up.
Evoking this partially-identified wand wasted a few charges.
The fire elemental hits you. The fire elemental burns you!
* * * LOW HITPOINT WARNING * * *
The fire elemental hits you. The fire elemental burns you!
You die...

# # #∩#### ).
#.$$.# ..#
#..@##### .. ..
##E#.#..#.###.
!(..###..........
#....∩∩..###
##.#.....#
..##....##
####.#.###.#
##.#..### ..8#
#∩.[.##.# #[$.#


You could see a fire elemental.

Vanquished Creatures
  Gastronok (Lair:2)
  3 hydras
  Erica (Lair:2)
  Nergalle (Lair:2)
  A toenail golem (Volcano)
  2 black mambas
  3 spiny frogs
  2 komodo dragons
  A rime drake (Lair:2)
  3 blink frogs (Lair:2)
  Sigmund (D:2)
  8 yaks
  A basilisk (Lair:3)
  A fire elemental (Volcano)
  2 hungry ghosts
  3 hippogriffs
  3 nagas (Lair:2)
  5 water moccasins
  6 porcupines
  Duvessa (D:7)
  2 ice beasts
  3 orc warriors
  A sky beast (D:8)
  A phantom (D:4)
  2 ogres
  5 wolves
  2 centaurs
  2 crocodiles (Lair:2)
  A big kobold (D:8)
  The ghost of Roxy the Firebug, an amateur DEFE of Vehumet (D:4)
  Dowan (D:7)
  4 giant frogs
  3 killer bees (D:8)
  4 wights (D:8)
  4 electric eels (Lair:3)
  A vampire bat (D:6)
  4 crimson imps
  A giant frog zombie (D:6)
  2 hounds
  2 quasits
  Crazy Yiuf (D:2)
  3 jellies
  10 orc wizards
  5 iguanas
  5 orc priests
  A giant frog skeleton (D:8)
  2 centaur skeletons
  15 worker ants
  15 river rats (Lair:2)
  9 adders
  2 shadow imps (D:5)
  An ooze (D:1)
  2 adder skeletons (D:5)
  A worm (D:4)
  2 dart slugs (D:1)
  A giant gecko (D:3)
  35 orcs
  2 ball pythons
  4 bat skeletons (D:6)
  3 giant cockroaches (D:3)
  4 hobgoblins
  14 jackals
  A quokka (D:3)
  6 bats
  2 giant gecko skeletons (D:5)
  3 giant newts
  13 goblins
  A jackal skeleton (D:8)
  10 kobolds
  6 rats
  2 fungi (D:2)
276 creatures vanquished.

Vanquished Creatures (others)
  2 fungi (Lair:2)
  A plant (Lair:2)
3 creatures vanquished.

Grand Total: 279 creatures vanquished

Notes
Turn   | Place    | Note
-------+----------+-------------------------------------------
     0 | D:1      | Kidiri the High Elf Fire Elementalist began the quest for the Orb.
     0 | D:1      | Reached XP level 1. HP: 11/11 MP: 4/4
   197 | D:1      | Reached XP level 2. HP: 17/17 MP: 4/6
   205 | D:1      | Learned a level 2 spell: Throw Flame
   219 | D:1      | Reached skill level 3 in Spellcasting
   983 | D:2      | Noticed Sigmund
  1049 | D:2      | Reached XP level 3. HP: 21/21 MP: 5/8
  1054 | D:2      | Learned a level 3 spell: Conjure Flame
  2109 | D:2      | Learned a level 3 spell: Inner Flame
  2152 | D:2      | Found a runed door.
  2159 | D:2      | Noticed Crazy Yiuf
  2166 | D:2      | Killed Crazy Yiuf
  2166 | D:2      | Reached XP level 4. HP: 27/27 MP: 0/10
  2637 | D:3      | Reached skill level 4 in Spellcasting
  2986 | D:3      | Reached XP level 5. HP: 27/31 MP: 7/12
  3063 | D:3      | Learned a level 4 spell: Sticky Flame
  3258 | D:3      | Reached skill level 5 in Spellcasting
  3692 | D:2      | Killed Sigmund
  3692 | D:2      | Reached XP level 6. HP: 23/36 MP: 9/15
  3870 | D:4      | Reached skill level 6 in Spellcasting
  4156 | D:4      | Noticed Roxy's ghost (amateur DEFE)
  4160 | D:4      | Killed Roxy's ghost
  4160 | D:4      | Reached XP level 7. HP: 41/41 MP: 12/17
  4167 | D:4      | Learned a level 5 spell: Fireball
  4304 | D:4      | Reached skill level 5 in Fire Magic
  4381 | D:4      | Found Seas's Antique Armour Shop.
  4387 | D:4      | Bought a pair of embroidered gloves for 112 gold pieces
  4779 | D:4      | Found Waemuibb's Armour Shoppe.
  4796 | D:4      | Found Ykujy's Gadget Boutique.
  4862 | D:4      | Reached skill level 1 in Fighting
  4862 | D:4      | Reached skill level 1 in Short Blades
  4862 | D:4      | Reached skill level 1 in Evocations
  4974 | D:4      | Found a staircase to the Ecumenical Temple.
  5018 | Temple   | Entered the Ecumenical Temple
  5028 | Temple   | Became a worshipper of Vehumet
  5252 | D:5      | Entered Level 5 of the Dungeon
  5274 | D:5      | Found a white marble altar of Elyvilon.
  5437 | D:5      | Gained mutation: You possess an exceptional clarity of mind. [potion of mutation]
  5437 | D:5      | Gained mutation: You expend magic power (3 MP) to strengthen your wands. [potion of mutation]
  5437 | D:5      | Gained mutation: You have a somewhat thin skeletal structure. (Dex +2, Stealth) [potion of mutation]
  5502 | D:5      | Reached skill level 1 in Armour
  5532 | D:5      | Reached XP level 8. HP: 48/48 MP: 9/19
  6245 | D:6      | Reached skill level 7 in Spellcasting
  6409 | D:6      | Reached * piety under Vehumet
  6409 | D:6      | Offered knowledge of Sandblast by Vehumet.
  6660 | D:6      | Found an ancient bone altar of Kikubaaqudgha.
  6693 | D:6      | Found a shadowy altar of Dithmenos.
  6696 | D:6      | Found a shimmering altar of Xom.
  6742 | D:6      | Found a blossoming altar of Fedhas.
  6778 | D:6      | Found a snail-covered altar of Cheibriados.
  6844 | D:6      | Found a stormy altar of Qazlal.
  6906 | D:6      | Found a deep blue altar of Sif Muna.
  7179 | D:6      | Reached skill level 5 in Conjurations
  7446 | D:7      | Noticed Duvessa
  7447 | D:7      | Noticed Dowan
  7460 | D:7      | Killed Duvessa
  7460 | D:7      | Reached XP level 9. HP: 55/55 MP: 18/21
  7464 | D:7      | Killed Dowan
  7510 | D:7      | Gained mutation: Your spells are a little harder to cast, but a little more powerful. [potion of mutation]
  7510 | D:7      | Gained mutation: You have a moderately thin skeletal structure. (Dex +4, Stealth+) [potion of mutation]
  7510 | D:7      | Gained mutation: Your mind is acute. (Int +2) [potion of mutation]
  7579 | D:7      | Found a burning altar of Makhleb.
  7580 | D:7      | Reached skill level 8 in Spellcasting
  7634 | D:7      | Found a white marble altar of Elyvilon.
  7666 | D:7      | Found a sacrificial altar of Ru.
  7667 | D:7      | Found an opulent altar of Gozag.
  7970 | D:7      | Reached ** piety under Vehumet
  7973 | D:7      | Offered knowledge of Sting by Vehumet.
  8126 | D:6      | Found a shattered altar of Ashenzari.
  8376 | D:8      | Learned a level 1 spell: Sting
  8866 | D:8      | Found a staircase to the Lair.
  8996 | D:8      | Offered knowledge of Stone Arrow by Vehumet.
  9001 | D:8      | Learned a level 3 spell: Stone Arrow
  9049 | D:8      | Reached *** piety under Vehumet
  9119 | D:8      | Reached skill level 9 in Spellcasting
  9347 | D:8      | Reached skill level 5 in Dodging
  9669 | Lair:1   | Entered Level 1 of the Lair of Beasts
  9683 | Lair:1   | Reached XP level 10. HP: 63/63 MP: 24/24
  9892 | Lair:1   | Noticed a black mamba
  9892 | Lair:1   | Noticed an eight-headed hydra
  9919 | Lair:1   | Killed a black mamba
  9919 | Lair:1   | Offered knowledge of Ignite Poison by Vehumet.
  9919 | Lair:1   | Reached skill level 5 in Short Blades
  9924 | Lair:1   | Killed an eight-headed hydra
 10159 | Lair:1   | Learned a level 3 spell: Ignite Poison
 10297 | Lair:1   | Noticed a spiny frog
 10306 | Lair:1   | Killed a spiny frog
 10570 | Lair:1   | Found a burning altar of Makhleb.
 10651 | Lair:1   | Reached skill level 10 in Spellcasting
 10876 | Lair:1   | Noticed a spiny frog
 10885 | Lair:1   | Killed a spiny frog
 11117 | Lair:2   | Noticed an eight-headed hydra
 11146 | Lair:2   | Killed an eight-headed hydra
 11146 | Lair:2   | Reached skill level 5 in Evocations
 11146 | Lair:2   | Reached XP level 11. HP: 67/70 MP: 26/26
 11504 | Lair:2   | Noticed Gastronok
 11516 | Lair:2   | Noticed Nergalle
 11579 | Lair:2   | Found a staircase to the Snake Pit.
 11606 | Lair:2   | Killed Nergalle
 11606 | Lair:2   | Reached skill level 5 in Fighting
 12023 | Lair:2   | Noticed an eight-headed hydra
 12032 | Lair:2   | Killed an eight-headed hydra
 12245 | Lair:2   | Reached **** piety under Vehumet
 12318 | Lair:2   | Noticed Erica
 12333 | Lair:2   | Killed Erica
 13012 | Lair:2   | Offered knowledge of Olgreb's Toxic Radiance by Vehumet.
 13357 | Lair:2   | Killed Gastronok
 13357 | Lair:2   | Reached skill level 5 in Armour
 13357 | Lair:2   | Reached skill level 11 in Spellcasting
 13378 | Lair:2   | Learned a level 4 spell: Olgreb's Toxic Radiance
 13838 | Lair:3   | Gained mutation: You are partially covered in rugged brown scales. (AC +1, +3% HP) [potion of mutation]
 13885 | Lair:3   | Reached XP level 12. HP: 68/80 MP: 28/28
 13975 | Lair:3   | Found a staircase to the Swamp.
 14094 | Lair:3   | Found a dark tunnel.
 14101 | Volcano  | Entered a volcano
 14194 | Volcano  | Slain by a fire elemental

Vault maps used:
D:1:      minmay_arrival_five_plusses, minivault_23
D:2:      uniq_crazy_yiuf_cottage, uniq_sigmund
D:4:      kennysheep_goblin_castle, serial_shops, shop, shop, shop,
          minmay_crossroads
D:5:      first_bread, hangedman_decor_growths, elyvilon_altar_1
D:6:      old_standard_altar, nicolae_overflow_hidden_temple,
          lemuel_blue_sif_altar, kennysheep_vampire_church
D:7:      nicolae_overflow_crystal_walls, marbit_many_paths,
          gammafunk_temple_overflow_statue, uniq_duvessa
D:8:      lair_0_dummy, kennysheep_diamond
D:9:      hangedman_ranch, st_stairs_10, uniq_erolcha
Temple:   dpeg_three_leaves_temple
Lair:1:   basic_altar, beast_lair_carwin_9
Lair:2:   minmay_snake_entry_guardpost_small, uniq_erica, uniq_nergalle,
          uniq_gastronok
Lair:3:   minmay_swamp_entry_eels, nicolae_volcano_entry_hallway
Volcano:  volcano_caves

Skill      XL: |  1  2  3  4  5  6  7  8  9 10 11 |
---------------+----------------------------------+-----
Spellcasting   | 3 4 5 6 7 9 10 11 | 11.3
Conjurations   | 2 3 4 5 6 7 |  7.6
Fire Magic     | 4 5 6 7 8 |  8.0
Fighting       | 1 2 3 4 5 |  5.9
Short Blades   | 1 3 4 5 7 |  7.2
Evocations     | 1 2 3 5 6 |  6.1
Dodging        | 3 5 6 7 |  7.2
Armour         | 1 2 3 4 5 |  5.2
Stealth        | |  2.1

Action                   |  1- 3 |  4- 6 |  7- 9 | 10-12 || total
-------------------------+-------+-------+-------+-------++-------
Melee: Unarmed           |     1 |       |       |       ||     1
       Club              |     9 |       |       |       ||     9
       Dagger            |    70 |    31 |    81 |    49 ||   231
       Short sword       |       |       |    47 |    55 ||   102
 Cast: Flame Tongue      |    34 |    45 |   178 |   110 ||   367
       Throw Flame       |    13 |    18 |    36 |    30 ||    97
       Conjure Flame     |     1 |     1 |    11 |     4 ||    17
       Sticky Flame      |       |     1 |     4 |    24 ||    29
       Inner Flame       |       |     1 |    11 |     1 ||    13
       Fireball          |       |       |     2 |     8 ||    10
       Ignite Poison     |       |       |       |     2 ||     2
Evoke: Wand              |       |       |       |     2 ||     2
  Use: Scroll            |       |    12 |    11 |     8 ||    31
       Potion            |       |       |     2 |     3 ||     5
 Stab: Sleeping          |     1 |       |     6 |     6 ||    13
       Distracted        |       |     2 |       |       ||     2
  Eat: Chunk             |     2 |     2 |    12 |     1 ||    17
       Meat ration       |     1 |       |       |       ||     1
       Beef jerky        |     1 |       |       |       ||     1
       Fruit             |       |       |     2 |       ||     2
       Bread ration      |       |       |     2 |     2 ||     4
       Pizza             |       |       |       |     1 ||     1
Armor: Robe              |     4 |     2 |    63 |    19 ||    88
       Leather armour    |       |       |       |    19 ||    19
Dodge: Dodged            |    15 |    23 |   162 |   116 ||   316
